 Dungeon Crawl Stone Soup version 0.22-a0-161-g198051c (webtiles) character file.

14 Lathuz the Firebug (level 2, 15/15 HPs)
             Began as a Deep Elf Fire Elementalist on Feb 11, 2018.
             Quit the game on level 1 of the Dungeon on Sept 22, 2018.
             The game lasted 00:01:19 (805 turns).

Lathuz the Firebug (Deep Elf Fire Elementalist)      Turns: 805, Time: 00:01:20

Health: 15/15      AC:  2    Str:  5    XL:     2   Next: 31%
Magic:  8/8        EV: 13    Int: 19    God:
Gold:   56         SH:  0    Dex: 15    Spells: 4/7 levels left

rFire    . . .     SeeInvis .   h - -1 short sword (curse)
rCold    . . .     Gourm    .   (no shield)
rNeg     . . .     Faith    .   a - +0 robe
rPois    .         Spirit   .   (no helmet)
rElec    .         Reflect  .   (no cloak)
rCorr    .         Harm     .   (no gloves)
MR       .....                  (no boots)
Stlth    ++........             (no amulet)
HPRegen  0.05/turn              (no ring)
MPRegen  0.11/turn              (no ring)

@: no status effects
A: no striking features
a: no special abilities


You were on level 1 of the Dungeon.
You were not hungry.

You visited 1 branch of the dungeon, and saw 1 of its levels.

You collected 56 gold pieces.

Inventory:

Hand Weapons
 d - a +0 whip
 h - a cursed -1 short sword (weapon)
Armour
 a - a +0 robe (worn)
Scrolls
 e - 3 scrolls of identify {unknown}
 g - a scroll of blinking {unknown}
Books
 b - a book of Flames

   Spells                             Type                      Level
   a - Flame Tongue                   Conjuration/Fire             1
   b - Throw Flame                    Conjuration/Fire             2
   c - Conjure Flame                  Conjuration/Fire             3
   d - Inner Flame                    Hexes/Fire                   3
   e - Sticky Flame                   Conjuration/Fire             4
   f - Fireball                       Conjuration/Fire             5
Comestibles
 c - 2 rations
 f - 3 chunks of flesh


   Skills:
 - Level 2.4 Dodging
 - Level 2.4 Stealth
 + Level 3.3 Spellcasting
 * Level 2.0 Conjurations
 + Level 3.5 Fire Magic


You had 4 spell levels left.
You knew the following spells:

 Your Spells              Type           Power        Failure   Level  Hunger
a - Flame Tongue          Conj/Fire      ##...        4%          1    None
b - Throw Flame           Conj/Fire      ##....       7%          2    ##.....


Dungeon Overview and Level Annotations

Branches:
Dungeon (1/15)

Altars:


Message History

Confirm with . or Enter, or press ? or * to list all spells.
You can't see any susceptible monsters within range! (Use Z to cast anyway.)
The bat moves out of view.
Casting: Throw Flame (safe; 7% risk of failure)
Confirm with . or Enter, or press ? or * to list all spells.
You can't see any susceptible monsters within range! (Use Z to cast anyway.)
You start resting.
Casting: Throw Flame (safe; 7% risk of failure)
Confirm with . or Enter, or press ? or * to list all spells.
Aiming: Throw Flame (safe; 7% risk of failure)
Press: ? - help, Shift-Dir - straight line, f - bat
Aim: a bat The puff of flame hits the bat.
You kill the bat!
You start resting.
Magic restored.
Saving game... please wait.
Welcome back, Lathuz the Deep Elf Fire Elementalist.
Press ? for a list of commands and other information.
Are you sure you want to abandon this character and quit the game? (Confirm with "yes".)

#...##.###.###
#..(##.###.#
######.#...#
#.)...#
#.....#
#.....#
#.....#
#).####.#
#...@...#
#.........†)
##########..


There were no monsters in sight!

Vanquished Creatures
  2 bats (D:1)
  2 giant cockroaches (D:1)
  2 hobgoblins (D:1)
  A goblin (D:1)
  4 kobolds (D:1)
  3 rats (D:1)
14 creatures vanquished.

Notes
Turn   | Place    | Note
-------+----------+-------------------------------------------
     0 | D:1      | Lathuz the Deep Elf Fire Elementalist began the quest for the Orb.
     0 | D:1      | Reached XP level 1. HP: 10/10 MP: 6/6
   473 | D:1      | Reached XP level 2. HP: 4/15 MP: 5/8
   479 | D:1      | Learned a level 2 spell: Throw Flame
   805 | D:1      | Quit the game

Vault maps used:
D:1:      onia_arrival_pentagram

Skill      XL: |  1  2 |
---------------+-------+-----
Conjurations   | 2 |  2.0
Dodging        | |  2.4
Stealth        | |  2.4
Spellcasting   | |  3.3
Fire Magic     | |  3.5

Action                   || total
-------------------------++-------
Melee: Whip              ||     2
 Cast: Flame Tongue      ||    18
       Throw Flame       ||     5
Armor: Robe              ||     3
Dodge: Dodged            ||     9

Table legend:
 A = Spawn XP
 B = Non-spawn XP
 C = Spawn XP percentage of total XP
 D = Spawn monster count
 E = Non-spawn monster count
 F = Spawn count percentage of total count
 G = Total turns spent on level
                    A         B        C        D         E        F      G
               +---------+---------+-------+---------+---------+-------+---------
         Total |       0 |      21 |   0.0 |       0 |      14 |   0.0 |   805
               +---------+---------+-------+---------+---------+-------+---------
           D:1 |       0 |      21 |   0.0 |       0 |      14 |   0.0 |   805
               +---------+---------+-------+---------+---------+-------+---------
